 Dungeon Crawl Stone Soup version 0.28.0-53-g5a82cb258f (webtiles) character file.

Game seed: 8753838032838920622

23 SanguineChosen the Chopper (level 2, -5/27 HPs)
             Began as a Minotaur Berserker on July 28, 2022.
             Was a Follower of Trog.
             Killed from afar by Sigmund (13 damage)
             ... with a puff of flame
             ... on level 2 of the Dungeon.
             The game lasted 00:04:08 (1400 turns).

SanguineChosen the Chopper (Minotaur Berserker)     Turns: 1400, Time: 00:04:08

Health: -5/27      AC:  5    Str: 21    XL:     2   Next: 75%
Magic:  1/1        EV: 11    Int:  4    God:    Trog [*.....]
Gold:   35         SH:  0    Dex: 15    Spells: 1/1 levels left

rFire   . . .      SeeInvis .   a - +0 hand axe
rCold   . . .      Faith    .   (no shield)
rNeg    . . .      Spirit   .   g - +0 ring mail
rPois   .          Reflect  .   (helmet restricted)
rElec   .          Harm     .   (no cloak)
rCorr   .          Rampage  .   (no gloves)
Will    .....                   (no boots)
Stlth   +.........              (no amulet)
HPRegen 0.09/turn               f - +6 ring of dexterity
MPRegen 0.07/turn               (no ring)

@: no status effects
A: horns 2, retaliatory headbutt
a: Renounce Religion, Berserk


You were on level 2 of the Dungeon.
You worshipped Trog.
Trog was aware of your devotion.
You visited 1 branch of the dungeon, and saw 2 of its levels.

You collected 35 gold pieces.

Inventory:

Hand Weapons
 a - a +0 hand axe (weapon)
Missiles
 l - a poisoned dart (quivered)
Armour
 g - a +0 ring mail (worn)
Jewellery
 f - a +6 ring of dexterity (left hand)
Scrolls
 b - a scroll of teleportation {unknown}
 c - a scroll of magic mapping {unknown}
 e - a scroll of fear {unknown}
 h - a scroll of immolation {unknown}
 j - a scroll of enchant armour {unknown}
 k - a scroll of identify {unknown}
Potions
 d - a potion of attraction {unknown}


   Skills:
 + Level 4.1 Fighting
 + Level 4.3 Axes
 + Level 2.5 Armour
 + Level 2.2 Dodging


You had one spell level left.
You didn't know any spells.
Your spell library was empty.

Dungeon Overview and Level Annotations

Branches:
Dungeon (2/15)

Altars:

Annotations:
D:2 Sigmund


Innate Abilities, Weirdness & Mutations

You have a pair of horns on your head.
You reflexively headbutt those who attack you in melee.


Message History

Throw: 3 darts (poison)
Press: ? - help, Q - select action Shift-Dir - straight line You throw a poisoned dart.
There is a strange disturbance nearby!
Throw: 2 darts (poison)
Press: ? - help, Q - select action Shift-Dir - straight line You throw a poisoned dart.
A magic dart appears from out of thin air!
The magic dart hits you.
It was a potion of heal wounds.
You feel much better.
A magic dart appears from out of thin air!
The magic dart hits you. Something hits you.
You hit something. Your headbutt misses something. Something hits you!
You feel much better. Something hits you but does no damage.
You hear some strange, mumbled words.
Something tries to affect you, but you resist.
Something tries to affect you, but you resist.
You are confused.
Something hits you.
You bump into the rock wall.
You hear some strange, mumbled words.
Something tries to affect you, but you resist.
Something hits you but does no damage.
You're too confused to move!
Something hits you.
You feel less confused. Something hits you!
* * * LOW HITPOINT WARNING * * *
You feel much better. Something hits you! Something hits you.
Sigmund appears from thin air!
Reactivating autopickup.
Sigmund casts a spell at you. The magic dart hits you!
* * * LOW HITPOINT WARNING * * *
There is a stone staircase leading up here.
Sigmund points at you and mumbles some strange words.
The puff of flame hits you!
You die...

......# #.............##
......# #...............
......# #.)...........#
......# ####............+
......# #...............#
......###...............+
......#.................##
......#....#####+#.......#
......#....#####@#)......#
......#.......@...........
......'.>.........(.......
......#..(.#######.[.....#
.###'##....### #########
.###.###.#...#
.#...###.#...#
.#....##.#...#
.#.......#...#


You could see Sigmund.

Vanquished Creatures
  2 bats (D:1)
  3 endoplasms
  A giant cockroach (D:2)
  2 goblins (D:1)
  2 hobgoblins (D:1)
  3 jackals (D:1)
  2 frilled lizards (D:1)
  4 kobolds
  A rat (D:1)
20 creatures vanquished.

Notes
Turn   | Place    | Note
-------+----------+-------------------------------------------
     0 | D:1      | SanguineChosen the Minotaur Berserker began the quest for
                  | the Orb.
     0 | D:1      | Reached XP level 1. HP: 19/19 MP: 0/0
   460 | D:1      | Found a faded altar of an unknown god.
   490 | D:1      | Reached XP level 2. HP: 25/27 MP: 1/1
  1352 | D:2      | Noticed Sigmund
  1400 | D:2      | Killed from afar by Sigmund

Illustrated notes

Levels and vault maps discovered:
D:1:      ncdulo_smallfort, layout_loops_ring, ebering_ecumenical_altar_hall,
          minmay_tall_x
D:2:      layout_basic, uniq_terence, uniq_sigmund

Skill      XL: |  1  2 |
---------------+-------+-----
Axes           | 4 |  4.3
Fighting       | 4 |  4.1
Armour         | |  2.5
Dodging        | |  2.2

Action                   || total
-------------------------++-------
Melee: Hand axe          ||    42
       Headbutt          ||     5
Throw: Dart              ||     2
  Use: Potion            ||     3
Armor: Animal skin       ||     4
       Ring mail         ||     3
Dodge: Dodged            ||    23
